AoeStats
← 布丁

Black Forest

506450175Analyzed
4v4 RM · 18d ago on Sep 13, 2026· 59m 34s· 8 players
Game mode
Random Map
Map size
Large (8 player)
Population
200
Speed
Normal
Resources
Standard
Victory
Conquest
Starting age
Dark Age
Ending age
Imperial Age
RankedLock teamsTeams togetherTeam positionsShared explorationLock speedFull tech treeHidden civsTurbo modeCheats
Victory
Defeat
🇸🇪 Burgundians · Sweden
978
+11
🇩🇪 Bohemians · Germany
895
+14
🇺🇸 Britons · United States
893
+14
🇸🇪 Italians · Sweden
769
+18
🇭🇰 Italians · Hong Kong SAR China
869
-15
🇹🇼 Goths · Taiwan
858
-15
🇲🇽 Persians · Mexico
848
-14
🇨🇳 Shu · China
824
-13
PoisonSoup91
布丁
1:56 Loom
14:24 Feudal Age
16:05 Wheelbarrow
19:06 Castle Age
18:15 Double-Bit Axe
18:14 Horse Collar
21:56 Hand Cart
22:18 Bow Saw
27:43 Heavy Plow
28:07 Gold Mining
28:11 Stone Mining
33:43 Imperial Age
33:31 Anarchy
33:56 Scale Mail Armor
34:07 Forging
34:00 Town Watch
34:39 Squires
34:00 Pikeman
34:44 Perfusion
35:06 Conscription
36:18 Chemistry
38:42 Chain Mail Armor
39:03 Iron Casting
鬼祟君_HK
13:40 Feudal Age
14:33 Man-at-Arms
14:59 Arson
18:02 Castle Age
15:55 Double-Bit Axe
17:30 Wheelbarrow
17:31 Scale Mail Armor
18:36 Town Watch
19:08 Long Swordsman
20:55 Bloodlines
21:02 Loom
22:26 Squires
24:30 Forging
24:41 Stone Mining
25:44 Hand Cart
25:55 Husbandry
28:10 Town Patrol
29:19 Pikeman
30:31 Gold Mining
32:27 Chain Mail Armor
31:36 Light Cavalry
36:10 Fletching
37:56 Iron Casting
44:17 Imperial Age
44:27 Imperial Age
46:54 Blast Furnace
47:18 Elite Genoese Crossbowman
48:27 Conscription
49:00 Bodkin Arrow
49:33 Pirotechnia
49:54 Two-Handed Swordsman
52:49 Scale Barding Armor
53:42 Bracer
54:00 Onager
56:09 Murder Holes
56:07 Hussar
杰哥真棒
11:11 Feudal Age
12:47 Double-Bit Axe
14:54 Wheelbarrow
15:58 Fletching
16:08 Padded Archer Armor
24:53 Castle Age
24:30 Stone Mining
25:43 Crossbowman
27:46 Bodkin Arrow
28:07 Leather Archer Armor
32:22 Bow Saw
33:54 Gold Mining
38:42 Imperial Age
38:28 Thumb Ring
40:08 Hand Cart
39:36 Arbalester
41:12 Bolt Magazine
42:36 Bracer
43:06 Ring Archer Armor
43:53 Chemistry
43:45 Ballistics
46:55 Two-Man Saw
Caillou
0:41 Loom
13:02 Feudal Age
18:03 Castle Age
21:23 Horse Collar
27:06 Wheelbarrow
26:33 Heavy Plow
26:21 Double-Bit Axe
27:32 Fletching
27:43 Padded Archer Armor
28:13 Gold Mining
28:37 Bow Saw
28:21 Stone Mining
29:29 Hand Cart
32:58 Imperial Age
31:46 Bodkin Arrow
32:07 Leather Archer Armor
31:50 Crossbowman
33:14 Fortified Wall
32:45 Treadmill Crane
33:15 Masonry
33:27 Ballistics
32:52 Treadmill Crane
33:23 Masonry
33:53 Arbalester
34:35 Bracer
35:05 Ring Archer Armor
35:23 Yeomen
36:44 Two-Man Saw
35:34 Town Watch
36:02 Forging
35:52 Scale Mail Armor
36:13 Caravan
36:27 Guilds
36:47 Conscription
37:04 Hoardings
38:28 Chemistry
37:35 Siege Engineers
38:00 Architecture
39:20 Town Patrol
39:59 Warwolf
54:07 Elite Longbowman
55:38 Sappers
56:56 Iron Casting
56:36 Chain Mail Armor
56:27 Scale Barding Armor
57:04 Gold Shaft Mining
56:22 Heated Shot
56:28 Murder Holes
56:43 Clinker Construction
56:44 Careening
56:54 Shipwright
56:39 Siphons
56:25 Guard Tower
56:20 Arrowslits
56:58 Sanctity
56:39 Devotion
57:04 Illumination
56:55 Block Printing
56:50 Fervor
56:36 Herbal Medicine
57:16 Theocracy
58:49 Fishing Lines
59:19 Medium Warships
58:30 Demolition Ship
59:51 Carvel Hull
59:52 Dry Dock
59:55 Faith
rompii88
1:05 Loom
15:35 Feudal Age
21:17 Castle Age
26:04 Gold Mining
26:05 Stone Mining
26:01 Horse Collar
34:00 Silk Road
35:55 Padded Archer Armor
35:47 Fletching
36:10 Forging
41:41 Imperial Age
39:09 Double-Bit Axe
41:21 Iron Casting
40:48 Scale Mail Armor
42:47 Elite Genoese Crossbowman
52:08 Squires
51:54 Arson
gädda
1:44 Loom
10:40 Horse Collar
10:49 Double-Bit Axe
13:35 Feudal Age
12:01 Gold Mining
12:27 Stone Mining
15:21 Heavy Plow
15:36 Bow Saw
18:00 Man-at-Arms
23:32 Castle Age
K.Engel
8:25 Loom
11:23 Feudal Age
15:11 Castle Age
13:22 Double-Bit Axe
13:19 Horse Collar
21:38 Heavy Plow
22:00 Fervor
24:23 Wheelbarrow
24:14 Bow Saw
26:07 Hand Cart
29:47 Imperial Age
29:53 Imperial Age
27:33 Scale Mail Armor
29:56 Chemistry
29:18 Chain Mail Armor
29:14 Forging
28:29 Pikeman
29:09 Squires
28:54 Arson
30:29 Caravan
30:22 Halberdier
30:38 Houfnice
32:22 Siege Engineers
42:10 Conscription
44:20 Plate Mail Armor
44:43 Iron Casting
Connection lost

Rejoining the realm…

Still unreachable

The connection could not be restored.

Session expired

The server has moved on; the page needs a fresh start.